AoeStats
← Gim

Arena

508644364Analyzed
4v4 RM · 7d ago on Sep 23, 2026· 37m 50s· 8 players
Game mode
Random Map
Map size
Large (8 player)
Population
200
Speed
Normal
Resources
Standard
Victory
Conquest
Starting age
Dark Age
Ending age
Imperial Age
RankedLock teamsTeams togetherTeam positionsShared explorationLock speedFull tech treeHidden civsTurbo modeCheats
Victory
Defeat
🇹🇼 Saxons · Taiwan
1212
+16
🇦🇺 Goths · Australia
1207
+17
🇹🇼 Danes · Taiwan
1179
+18
🇦🇷 Varangians · Argentina
1159
+18
🇹🇼 Varangians · Taiwan
1228
-18
🇨🇳 Danes · China
1222
-17
🇨🇳 Berbers · China
1216
-17
🇹🇼 Cumans · Taiwan
1203
-17
tapaswithtitus
10:11 Feudal Age
14:07 Castle Age
12:35 Double-Bit Axe
13:20 Man-at-Arms
13:50 Loom
17:50 Long Swordsman
18:16 Gambesons
19:55 Squires
19:41 Gambesons
19:50 Gambesons
20:51 Scale Mail Armor
20:48 Arson
21:54 Forging
22:48 Pikeman
25:23 Iron Casting
25:11 Bow Saw
25:25 Town Watch
30:25 Gold Mining
30:19 Horse Collar
33:52 Wheelbarrow
34:06 Chain Mail Armor
Gim
10:23 Feudal Age
14:00 Castle Age
12:12 Double-Bit Axe
17:59 Loom
20:21 Wheelbarrow
23:41 Horse Collar
24:12 Bow Saw
29:59 Imperial Age
27:48 Heavy Plow
27:59 Fletching
28:50 Hand Cart
28:29 Gold Mining
29:06 Ballistics
28:43 Bodkin Arrow
29:13 Padded Archer Armor
29:57 Gold Shaft Mining
30:28 Leather Archer Armor
30:08 Treadmill Crane
31:04 Conscription
30:16 Elite Camel Archer
30:58 Bracer
32:01 Chemistry
32:57 Thumb Ring
34:18 Scale Barding Armor
34:42 Bloodlines
34:33 Husbandry
33:54 Heavy Camel Rider
36:54 Chain Barding Armor
36:36 Maghrebi Camels
37:07 Forging
john cena
10:37 Feudal Age
14:58 Castle Age
14:09 Double-Bit Axe
14:07 Horse Collar
15:53 Loom
23:02 Wheelbarrow
25:10 Scale Barding Armor
25:15 Forging
25:33 Bow Saw
25:15 Gold Mining
26:54 Husbandry
27:04 Bloodlines
27:18 Chain Barding Armor
27:33 Iron Casting
28:29 Hand Cart
31:19 Imperial Age
29:16 Town Watch
32:35 Plate Barding Armor
31:33 Elite Jarl
stu060401
6:33 Loom
9:28 Feudal Age
10:24 Double-Bit Axe
16:02 Fletching
18:22 Horse Collar
22:46 Wheelbarrow
26:29 Castle Age
25:18 Bloodlines
25:19 Scale Barding Armor
25:33 Gold Mining
26:11 Forging
28:01 Bow Saw
27:52 Heavy Plow
31:04 Imperial Age
29:27 Chain Barding Armor
29:43 Iron Casting
30:59 Gold Shaft Mining
33:27 Two-Man Saw
32:11 Elite Steppe Lancer
33:38 Cavalier
34:35 Hand Cart
35:42 Plate Barding Armor
36:08 Blast Furnace
lethe711
10:46 Feudal Age
14:31 Castle Age
12:29 Double-Bit Axe
13:59 Horse Collar
16:01 Bow Saw
19:05 Fervor
20:21 Loom
21:43 Heavy Plow
23:11 Wheelbarrow
22:34 Gold Mining
25:44 Hand Cart
30:33 Imperial Age
28:05 Scale Mail Armor
28:15 Forging
28:14 Stone Mining
28:30 Pikeman
29:11 Squires
29:27 Chain Mail Armor
30:47 Sanctity
30:33 Anarchy
31:09 Iron Casting
30:36 Halberdier
31:29 Perfusion
31:49 Conscription
32:26 Illumination
31:59 Elite Huskarl
33:40 Blast Furnace
11HQQQQ
8:07 Loom
10:10 Feudal Age
12:08 Man-at-Arms
25:34 Castle Age
25:33 Double-Bit Axe
25:30 Horse Collar
37:19 Heavy Plow
SKYRIM
11:10 Feudal Age
14:53 Castle Age
13:55 Double-Bit Axe
13:52 Horse Collar
14:16 Loom
15:54 Bow Saw
18:30 Heavy Plow
21:52 Wheelbarrow
24:50 Town Watch
28:11 Imperial Age
26:16 Crossbowman
26:55 Gold Mining
26:58 Fletching
27:34 Bodkin Arrow
27:49 Thumb Ring
28:12 Hand Cart
28:16 Padded Archer Armor
29:05 Bracer
29:42 Arbalester
30:42 Stone Mining
33:03 Chemistry
32:20 Leather Archer Armor
34:00 Conscription
33:01 Shield Wall
34:58 Ring Archer Armor
37:18 Hoardings
38:30 Gold Shaft Mining
37:49 Elite Hearth Troop
疫拳抄人
10:33 Feudal Age
15:00 Castle Age
12:48 Double-Bit Axe
12:44 Horse Collar
16:07 Bow Saw
15:57 Heavy Plow
18:48 Loom
19:46 Wheelbarrow
20:23 Town Watch
23:31 Gold Mining
24:42 Scale Mail Armor
24:52 Forging
27:51 Imperial Age
25:57 Chain Mail Armor
27:36 Gambesons
27:52 Squires
27:37 Arson
27:16 Pikeman
28:38 Iron Casting
27:34 Man-at-Arms
28:17 Long Swordsman
28:24 Elite Varangian Guard
29:52 Gold Shaft Mining
30:05 Halberdier
32:09 Plate Mail Armor
32:11 Conscription
34:26 Blast Furnace
34:04 Hamask
34:48 Capped Ram
37:34 Siege Ram
Connection lost

Rejoining the realm…

Still unreachable

The connection could not be restored.

Session expired

The server has moved on; the page needs a fresh start.